 Dungeon Crawl Stone Soup version 0.29-a0-553-g81b289dbe5 (webtiles) character file.

Game seed: 8629194720020234949

1 shadowstone the Grave Robber (level 1, -4/10 HPs)
             Began as a Tengu Necromancer on June 6, 2022.
             Frozen to death by an endoplasm (5 damage)
             ... on level 1 of the Dungeon.
             The game lasted 00:00:32 (113 turns).

shadowstone the Grave Robber (Tengu Necromancer)     Turns: 113, Time: 00:00:34

Health: -4/10      AC:  2    Str:  8    XL:     1   Next: 20%
Magic:  4/4        EV: 12    Int: 15    God:
Gold:   10         SH:  0    Dex: 14    Spells: 3/4 levels left

rFire   . . .      SeeInvis .   e - +0 dagger
rCold   . . .      Faith    .   (no shield)
rNeg    . . .      Spirit   .   a - +0 robe
rPois   .          Reflect  .   (helmet restricted)
rElec   .          Harm     .   (no cloak)
rCorr   .          Rampage  .   (no gloves)
Will    .....                   (boots unavailable)
Stlth   ++........              (no amulet)
HPRegen 0.03/turn               (no ring)
MPRegen 0.09/turn               (no ring)

@: no status effects
A: beak, talons 3
a: no special abilities


You were on level 1 of the Dungeon.
You visited 1 branch of the dungeon, and saw 1 of its levels.

You collected 10 gold pieces.

Inventory:

Hand Weapons
 e - a +0 dagger (weapon)
Missiles
 d - 5 boomerangs
Armour
 a - a +0 robe (worn)
Scrolls
 c - a scroll of identify {unknown}
 f - a scroll of teleportation {unknown}
Potions
 b - a potion of magic


   Skills:
 + Level 2.2 Dodging
 + Level 2.0 Stealth
 + Level 2.0 Spellcasting
 + Level 4.4 Necromancy


You had 3 spell levels left.
You knew the following spells:

 Your Spells              Type           Power      Damage    Failure   Level
a - Necrotize             Necr           56%        1d6       3%          1

Your spell library contained the following spells:

 Spells                   Type           Power      Damage    Failure   Level
 Vampiric Draining        Necr           14%        2d7       11%         3
 Animate Dead             Necr           14%        N/A       34%         4
 Agony                    Necr           14%        N/A       69%         5


Dungeon Overview and Level Annotations

Branches:
Dungeon (1/15)

Altars:


Innate Abilities, Weirdness & Mutations

You have a beak for a mouth.
You have claws for feet.


Message History

There is an open door here.
Found a dagger.
Found 10 gold pieces.
You see here a +0 dagger.
c - a scroll labelled ESYQOV FATEHOS You now have 10 gold pieces.
Found 5 boomerangs.
You see here 5 boomerangs.
d - 5 boomerangs You see here a +0 dagger.
You see here a +0 dagger.
e - a +0 dagger
e - a +0 dagger (weapon)
A goblin comes into view. It is wielding a +0 club.
The goblin shouts!
The goblin misses you.
You closely miss the goblin. You claw the goblin.
You kill the goblin!
You see here a +0 club.
Found a scroll labelled AFFUZXIGEV.
f - a scroll labelled AFFUZXIGEV A hobgoblin comes into view.
The hobgoblin shouts!
A hobgoblin comes into view.
An endoplasm comes into view.
The hobgoblin closely misses you.
You closely miss the hobgoblin.
You claw the hobgoblin, but do no damage.
The hobgoblin barely misses you.
You closely miss the hobgoblin. Your peck misses the hobgoblin.
The hobgoblin closely misses you. The endoplasm freezes you.
You are frozen.
You closely miss the hobgoblin. The hobgoblin hits you.
Ouch! That really hurt!
* * * LOW HITPOINT WARNING * * *
The endoplasm freezes you.
You are frozen.
Ouch! That really hurt!
You die...

... ..............# #.#
.............#
###.######.##........#.
..#....................
.....#.###.##.##..#.J#
......................
..##.#.###.##..#..##..
..##.#.# #.##..#J.#
####.#.# #.....g@.#
........#.###..#
#.#.######...#.# #.#..
#P..##.. #.#.. ..P.P
##. #.P..P # #.P...
......


You could see an endoplasm and a hobgoblin.

Vanquished Creatures
  A goblin (D:1)
1 creature vanquished.

Notes
Turn   | Place    | Note
-------+----------+-------------------------------------------
     0 | D:1      | shadowstone the Tengu Necromancer began the quest for the
                  | Orb.
     0 | D:1      | Reached XP level 1. HP: 10/10 MP: 4/4
   113 | D:1      | Frozen to death by an endoplasm

Illustrated notes

Levels and vault maps discovered:
D:1:      minmay_arrival_checkered_box, layout_basic,
          shapermc_ecumenical_altar_gd, corexii_hall_statues_i,
          minmay_surrounded

Action                   || total
-------------------------++-------
Melee: Dagger            ||     4
       Kick              ||     2
Dodge: Dodged            ||     4

Table legend: (Time is in decaauts)
 A = Elapsed time spent in this place.
 B = Non-inter-level travel time spent in this place.
 C = Inter-level travel time spent in this place.
 D = Time resting spent in this place.
 E = Time spent auto-exploring this place.
 F = Levels seen in this place.
 G = Mean time per level.
                   A        B        C        D        E       F      G
               +--------+--------+--------+--------+--------+-----+--------+
         Total |    112 |    112 |      0 |      0 |      0 |   1 |  112.0 |
       Dungeon |    112 |    112 |      0 |      0 |      0 |   1 |  112.0 |
               +--------+--------+--------+--------+--------+-----+--------+

Top non-repeatable levels by time:
     D:1: 112 daAuts
